 Dungeon Crawl Stone Soup version 0.25-a0-35-g747a2b3c0c (webtiles) character file.

Game seed: 12310507733858334589, levelgen mode: deterministic

3509 Arixos the Skirmisher (level 9, 0/72 HPs)
             Began as a Demonspawn Monk on Oct 18, 2019.
             Was an Elder of Wu Jian.
             Slain by a wyvern (2 damage)
             ... on level 9 of the Dungeon.
             The game lasted 00:30:13 (8322 turns).

Arixos the Skirmisher (Demonspawn Monk)             Turns: 8322, Time: 00:30:14

Health: 0/72       AC: 13    Str: 13    XL:     9   Next: 81%
Magic:  10/10      EV:  9    Int: 10    God:    Wu Jian [****..]
Gold:   492        SH:  6    Dex: 21    Spells: 8/8 levels left

rFire    . . .     SeeInvis .     - Unarmed
rCold    . . .     Gourm    .   t - +0 buckler (curse)
rNeg     + . .     Faith    .   f - +0 chain mail
rPois    +         Spirit   .   (no helmet)
rElec    .         Reflect  .   A - +2 ratskin cloak {+Rats rPois rN+ Str-1 Int-1 Dex+1}
rCorr    .         Harm     .   (no gloves)
MR       .....                  (no boots)
Stlth    ..........             (no amulet)
HPRegen  0.22/turn              a - +3 ring of dexterity
MPRegen  0.12/turn              (no ring)

@: no status effects
A: claws 2, spiny 1, rot immunity
a: Wall Jump, Serpent's Lash, Renounce Religion, Evoke Ratskin


You were on level 9 of the Dungeon.
You worshipped Wu Jian.
Wu Jian was greatly pleased with you.
You were not hungry.

You visited 2 branches of the dungeon, and saw 10 of its levels.
You also visited: Sewer.

You collected 492 gold pieces.

Inventory:

Missiles
 s - 7 poisoned darts (quivered)
Armour
 f - a +0 chain mail (worn)
 t - a cursed +0 buckler (worn)
 A - the +2 ratskin cloak (worn) {+Rats rPois rN+ Str-1 Int-1 Dex+1}
   (You found it on level 6 of the Dungeon)

   It affects your strength (-1).
   It affects your intelligence (-1).
   It affects your dexterity (+1).
   It protects you from poison.
   It protects you from negative energy.
Jewellery
 a - a +3 ring of dexterity (left claw)
Wands
 j - a wand of random effects (14)
 y - a wand of digging (20)
 C - a wand of disintegration (12)
Scrolls
 c - 11 scrolls of identify
 e - 4 scrolls of fear {unknown}
 i - 2 scrolls of blinking {unknown}
 k - 3 scrolls of immolation {unknown}
 l - 5 scrolls of remove curse
 m - 3 scrolls of noise {unknown}
 n - 4 scrolls of amnesia
 v - a scroll of random uselessness {unknown}
 w - 3 scrolls of magic mapping
 B - 2 scrolls of teleportation {unknown}
 D - a scroll of holy word {unknown}
Potions
 d - 2 potions of flight
 g - a potion of lignification {unknown}
 h - 4 potions of heal wounds
 o - a potion of brilliance {unknown}
 p - 3 potions of curing
 q - 4 potions of agility {unknown}
 r - 2 potions of mutation {unknown}
 u - a potion of berserk rage {unknown}
 z - a potion of might {unknown}
 E - a potion of magic {unknown}
Comestibles
 b - 22 rations
 x - 5 chunks of flesh


   Skills:
 + Level 7.2 Fighting
 + Level 5.8 Armour
 + Level 6.5 Dodging
 - Level 1.7 Stealth
 - Level 4.0 Shields
 + Level 6.5 Unarmed Combat
 + Level 2.2 Evocations


You had 8 spell levels left.
You didn't know any spells.
Your spell library was empty.

Dungeon Overview and Level Annotations

Branches:
Dungeon (9/15)             Temple (1/1) D:5           Sewer (visited)
   Lair: D:8-11         Orc: D:9-12

Altars:
Ashenzari
Cheibriados
Dithmenos
Elyvilon
Fedhas
Gozag
Hepliaklqana
Kikubaaqudgha
Makhleb
Nemelex Xobeh
Okawaru
Qazlal
Ru
Sif Muna
Trog
Uskayaw
Vehumet
Wu Jian
Xom
Yredelemnul
Zin
The Shining One


Innate Abilities, Weirdness & Mutations

You have very sharp fingernails.
You are partially covered in sharp spines.
You are immune to rotting.


Message History

The wolf is struck by your spines. The wolf bites you.
* * * LOW HITPOINT WARNING * * *
Some of the chunks of flesh in your inventory have rotted away.
You scratch the wolf.
You kill the wolf!
The Council accepts your kill. The wyvern bites you.
* * * LOW HITPOINT WARNING * * *
You barely miss the wyvern. The wyvern is struck by your spines.
The wyvern bites you.
* * * LOW HITPOINT WARNING * * *
Your chain mail prevents you from hitting the wyvern.
The wyvern is lightly wounded.
The wyvern bites you but does no damage.
You closely miss the wyvern.
The wyvern is lightly wounded.
The wyvern bites you!
* * * LOW HITPOINT WARNING * * *
The wyvern bites you.
You die...

.#.#.#
########.#.#.#.
...............
...............
..........^.
.......#
#.#####.....#
#....@lh<†..#
#############


You could see a wyvern and a howler monkey.

Vanquished Creatures
  Sigmund (D:4)
  Grum (D:8)
  A hungry ghost (D:7)
  Edmund (D:4)
  Duvessa (D:7)
  An ice beast (D:6)
  A black bear (D:7)
  2 phantoms (D:6)
  2 ogres (D:6)
  4 wolves
  4 centaurs
  A big kobold (Sewer)
  3 bullfrogs (D:6)
  2 scorpions (D:6)
  Dowan (D:7)
  2 howler monkeys
  5 crimson imps
  A quasit (D:7)
  3 orc wizards
  A bullfrog skeleton (D:8)
  An orc priest (D:3)
  2 hounds
  An iguana (D:7)
  9 worker ants
  3 hell rats (D:6)
  2 hound skeletons
  3 worker ant zombies (D:5)
  Robin (D:4)
  4 gnolls
  A howler monkey skeleton (D:7)
  12 adders
  7 river rats
  A shadow imp (D:5)
  An ooze (D:1)
  An adder skeleton (D:6)
  An adder zombie (D:5)
  3 worms
  4 dart slugs
  12 leopard geckos
  22 orcs
  2 ball pythons
  11 giant cockroaches
  17 goblins
  20 hobgoblins
  23 jackals
  2 quokkas (D:6)
  8 bats
  2 frilled lizards
  7 kobolds
  A leopard gecko skeleton (D:6)
  A quokka skeleton (D:5)
  A quokka zombie (D:7)
  25 rats
249 creatures vanquished.

Vanquished Creatures (others)
  A crimson imp (D:8)
1 creature vanquished.

Grand Total: 250 creatures vanquished

Notes
Turn   | Place    | Note
-------+----------+-------------------------------------------
     0 | D:1      | Arixos the Demonspawn Monk began the quest for the Orb.
     0 | D:1      | Reached XP level 1. HP: 18/18 MP: 1/1
   162 | D:1      | Gained mutation: You have sharp fingernails. [demonic
                  | ancestry]
   162 | D:1      | Reached XP level 2. HP: 23/24 MP: 2/2
   695 | D:1      | Reached skill level 1 in Armour
   695 | D:1      | Reached XP level 3. HP: 28/29 MP: 3/3
  1332 | D:2      | Reached XP level 4. HP: 29/36 MP: 4/4
  1803 | D:2      | Gained mutation: You are immune to rotting. [demonic
                  | ancestry]
  1803 | D:2      | Reached XP level 5. HP: 36/42 MP: 5/5
  1865 | D:2      | Reached skill level 4 in Fighting
  1992 | D:2      | Found a sparkling altar of Nemelex Xobeh.
  2251 | D:3      | Found a faded altar of an unknown god.
  2761 | D:3      | Reached XP level 6. HP: 37/48 MP: 6/6
  3009 | D:4      | Noticed Sigmund
  3027 | D:4      | Killed Sigmund
  3133 | D:4      | Noticed Robin
  3197 | D:4      | Killed Robin
  3686 | D:4      | Noticed Edmund
  3714 | D:4      | Killed Edmund
  3714 | D:4      | Gained mutation: You are partially covered in sharp spines.
                  | [demonic ancestry]
  3714 | D:4      | Reached XP level 7. HP: 39/55 MP: 7/7
  3775 | D:4      | Reached skill level 1 in Shields
  4227 | D:5      | Entered Level 5 of the Dungeon
  4261 | D:5      | Reached skill level 5 in Fighting
  4552 | D:5      | Found a staircase to the Ecumenical Temple.
  4571 | Temple   | Entered the Ecumenical Temple
  4655 | Temple   | Became a worshipper of the Wu Jian Council
  4655 | Temple   | Reached * piety under Wu Jian
  4655 | Temple   | Reached ** piety under Wu Jian
  4830 | D:5      | Found a shattered altar of Ashenzari.
  5390 | D:5      | Found a sparkling altar of Nemelex Xobeh.
  5494 | D:6      | Reached XP level 8. HP: 48/63 MP: 8/8
  5848 | D:6      | Found a glowing drain.
  5852 | Sewer    | Entered a sewer
  5856 | Sewer    | Reached skill level 5 in Dodging
  5859 | Sewer    | Reached skill level 5 in Unarmed Combat
  5943 | Sewer    | Found a glowing silver altar of Zin.
  6153 | D:6      | Reached *** piety under Wu Jian
  6299 | D:6      | Found the +2 ratskin cloak {+Rats rPois rN+ Str-1 Int-1
                  | Dex+1}
  6477 | D:6      | Reached skill level 6 in Fighting
  7041 | D:6      | Gained mutation: You have very sharp fingernails. [demonic
                  | ancestry]
  7041 | D:6      | Reached XP level 9. HP: 47/69 MP: 9/9
  7336 | D:6      | Reached skill level 5 in Armour
  7631 | D:7      | Noticed Dowan
  7631 | D:7      | Noticed Duvessa
  7645 | D:7      | Killed Dowan
  7654 | D:7      | Killed Duvessa
  7661 | D:7      | Reached **** piety under Wu Jian
  7933 | D:7      | You fall into a shaft and drop 1 floor!
  8151 | D:7      | Reached skill level 1 in Evocations
  8224 | D:8      | Reached skill level 7 in Fighting
  8281 | D:8      | Noticed Grum
  8291 | D:8      | Killed Grum
  8322 | D:9      | HP: 2/72 [wyvern (13)]
  8322 | D:9      | Slain by a wyvern

Levels and vault maps discovered:
D:1:      giann_wishing_wells, layout_basic, minmay_pentomino_q4
D:2:      layout_rooms, first_ration, nemelex_diamond_rough_becter
D:3:      layout_basic, chequers_ecumenical_altar_simple, corexii_shack
D:4:      layout_basic, uniq_robin, uniq_sigmund, uniq_edmund
D:5:      kennysheep_big_flooded_room, layout_loops_ring, kennysheep_little_box,
          minmay_temple_entry_glassed_door, nemelex_lonely_heart_becter
D:6:      wander_guarded_unrand_ratskin, layout_basic, gup_sewer_entry_spiral
D:7:      layout_basic, sigmund_army, uniq_duvessa
D:8:      layout_loops_cross, serial_shops, nicolae_shop_window_shopping,
          uniq_grum
D:9:      minmay_chambers_of_sixes, layout_basic,
          grunt_lair_entry_orc_guard_hut, serial_shops, shop,
          gammafunk_ghost_necromancy, uniq_maurice, uniq_harold
Temple:   dpeg_three_leaves_temple

Skill      XL: |  1  2  3  4  5  6  7  8  9 |
---------------+----------------------------+-----
Dodging        | 3 4 5 6 |  6.5
Unarmed Combat | 3 4 5 6 |  6.5
Armour         | 1 2 3 4 5 |  5.8
Fighting       | 4 5 6 7 |  7.2
Shields        | 2 3 4 |  4.0
Evocations     | 2 |  2.2
Stealth        | |  1.7

Action                   |  1- 3 |  4- 6 |  7- 9 || total
-------------------------+-------+-------+-------++-------
Melee: Unarmed           |   133 |   316 |   499 ||   948
       Punch             |     1 |     2 |       ||     3
Invok: Whirlwind         |       |       |    49 ||    49
       Lunge             |       |       |    36 ||    36
       Serpent's Lash    |       |       |     1 ||     1
  Use: Scroll            |       |     2 |     1 ||     3
       Potion            |       |     1 |     3 ||     4
 Stab: Sleeping          |     3 |       |       ||     3
  Eat: Chunk             |     1 |     7 |    14 ||    22
       Ration            |       |       |     1 ||     1
Armor: Robe              |     9 |       |       ||     9
       Chain mail        |    21 |   130 |   147 ||   298
       Ring mail         |       |     7 |       ||     7
Dodge: Dodged            |    80 |    99 |   109 ||   288
Block: Buckler           |       |     4 |   112 ||   116

Table legend:
 A = Non-vault XP
 B = Vault XP
 C = Vault XP percentage of total XP
 D = Non-vault monster count
 E = Vault monster count
 F = Vault count percentage of total count
                 A         B        C        D         E       F
            +---------+---------+-------+---------+---------+-------
      Total |    3369 |    1644 |  32.8 |     183 |      67 |  26.8
            +---------+---------+-------+---------+---------+-------
        D:1 |      50 |       6 |  10.7 |      26 |       3 |  10.3
        D:2 |     182 |       0 |   0.0 |      38 |       0 |   0.0
        D:3 |     157 |       2 |   1.3 |      32 |       1 |   3.0
        D:4 |     218 |     393 |  64.3 |       6 |      13 |  68.4
        D:5 |     299 |      22 |   6.9 |      17 |       2 |  10.5
        D:6 |    1623 |     205 |  11.2 |      31 |      29 |  48.3
        D:7 |     601 |     218 |  26.6 |      24 |       6 |  20.0
        D:8 |     239 |     535 |  69.1 |       9 |       4 |  30.8
        D:9 |       0 |     119 | 100.0 |       0 |       1 | 100.0
      Sewer |       0 |     144 | 100.0 |       0 |       8 | 100.0
            +---------+---------+-------+---------+---------+-------
